 Dungeon Crawl Stone Soup version 0.27-b1-16-g6517624069 (webtiles) character file.

Game seed: 2185422793970745092

26583 mhtbhm the Protected (level 12, -12/106 HPs)
             Began as a Minotaur Fighter on July 27, 2021.
             Was an Elder of Okawaru.
             Mangled by a tengu warrior (21 damage)
             ... on level 12 of the Dungeon.
             The game lasted 00:23:39 (20437 turns).

mhtbhm the Protected (Minotaur Fighter)            Turns: 20437, Time: 00:23:39

Health: -12/106    AC: 24    Str: 24    XL:     12   Next: 99%
Magic:  16/18      EV: 13    Int:  5    God:    Okawaru [****..]
Gold:   274        SH: 14    Dex: 12    Spells: 11/11 levels left

rFire    + . .     SeeInvis .   a - +2 falchion (vorpal)
rCold    . . .     Faith    .   c - +0 kite shield
rNeg     + + .     Spirit   .   b - +4 chain mail {rF+}
rPois    +         Reflect  .   (helmet restricted)
rElec    .         Harm     .   i - +1 cloak {rPois}
rCorr    .         Rampage  .   r - +0 pair of gloves
Will     .....                  p - +0 pair of boots
Stlth    ..........             (no amulet)
HPRegen  0.27/turn              v - ring of positive energy
MPRegen  0.16/turn              I - ring of positive energy

@: mighty, heroic
A: horns 2, retaliatory headbutt
a: Renounce Religion, Heroism


You were on level 12 of the Dungeon.
You worshipped Okawaru.
Okawaru was greatly pleased with you.
You visited 1 branch of the dungeon, and saw 12 of its levels.
You also visited: Sewer.

You collected 565 gold pieces.
You spent 291 gold pieces at shops.

Inventory:

Hand Weapons
 a - a +2 vorpal falchion (weapon)
Missiles
 d - 2 throwing nets
 x - 11 curare-tipped darts (quivered)
 E - 13 silver javelins
Armour
 b - a +4 chain mail of fire resistance (worn)
 c - a +0 kite shield (worn)
 i - a +1 cloak of poison resistance (worn)
 p - a +0 pair of boots (worn)
 r - a +0 pair of gloves (worn)
Jewellery
 j - a ring of ice
 v - a ring of positive energy (left hand)
 I - a ring of positive energy (right hand)
Wands
 h - a wand of paralysis (5)
 k - a wand of flame (20)
 B - a wand of acid (1)
Scrolls
 n - 2 scrolls of immolation
 o - a scroll of identify
 q - 2 scrolls of fog
 s - 2 scrolls of amnesia
 t - 2 scrolls of enchant weapon
 C - 2 scrolls of enchant armour
 G - a scroll of magic mapping
Potions
 e - a potion of ambrosia
 f - 3 potions of magic
 g - 2 potions of degeneration
 l - 2 potions of curing
 m - 3 potions of mutation
 w - 4 potions of flight
 z - a potion of haste
 D - 2 potions of brilliance
 F - a potion of lignification {unknown}
Miscellaneous
 u - a phantom mirror (inert)


   Skills:
 + Level 9.8(14.8) Fighting
 + Level 11.8(16.8) Long Blades
 + Level 0.4(5.4) Throwing
 + Level 11.9(16.9) Armour
 + Level 7.1(12.1) Dodging
 - Level 0.2(5.2) Stealth
 + Level 11.3(16.3) Shields
 * Level 9.6 Invocations
 + Level 2.3 Evocations


You had 11 spell levels left.
You didn't know any spells.
Your spell library contained the following spells:

 Spells                   Type           Power      Damage    Failure   Level
 Freeze                   Ice            0%         1d3       90%         1
 Call Canine Familiar     Summ           0%         N/A       99%         3
 Frozen Ramparts          Ice            0%         1d2       99%         3
 Inner Flame              Hex/Fire       0%         N/A       99%         3
 Portal Projectile        Hex/Tloc       0%         N/A       99%         3
 Cause Fear               Hex            0%         N/A       100%        4
 Hailstorm                Conj/Ice       0%         3d3       100%        4
 Ice Form                 Ice/Tmut       0%         N/A       100%        4
 Leda's Liquefaction      Hex/Erth       0%         N/A       100%        4
 Summon Ice Beast         Ice/Summ       0%         N/A       100%        4
 Discord                  Hex            0%         N/A       100%        8


Dungeon Overview and Level Annotations

Branches:
Dungeon (12/15)            Temple (0/1) D:7            Lair (0/6) D:11
    Orc (0/2) D:10          Sewer (visited)

Altars:
Cheibriados
Dithmenos
Elyvilon
Hepliaklqana
Kikubaaqudgha
Makhleb
Okawaru
Qazlal
Trog
Uskayaw
Vehumet
Wu Jian
Yredelemnul
The Shining One

Shops:
D:10 (   D:11 [


Innate Abilities, Weirdness & Mutations

You have a pair of horns on your head.
You reflexively headbutt those who attack you in melee.


Message History

You feel more confident with your borrowed prowess.
You block the slime creature's attack.
The boulder beetle leaps!
You slash the slime creature!
You kill the slime creature!
Okawaru accepts your kill.
The tengu warrior shoots an arrow.
The arrow hits you!
* * * LOW HITPOINT WARNING * * *
Unknown command.
The tengu warrior unwields a +0 longbow.
The tengu warrior wields a +3 great sword.
The tengu warrior closely misses you.
The tengu warrior pecks you but does no damage.
You block the tengu warrior's attack.
You miss the tengu warrior. You headbutt the tengu warrior.
The tengu warrior is lightly wounded.
The boulder beetle curls into a ball and begins rolling!
You miss the tengu warrior. Your headbutt misses the tengu warrior.
The tengu warrior is lightly wounded.
You block the tengu warrior's attack. x2
The tengu warrior completely misses you.
You miss the tengu warrior.
The tengu warrior is lightly wounded.
You closely miss the tengu warrior. Your headbutt misses the tengu warrior.
The tengu warrior is lightly wounded.
The tengu warrior hits you with a +3 great sword.
* * * LOW HITPOINT WARNING * * *
The tengu warrior closely misses you. You block the tengu warrior's attack.
You miss the tengu warrior.
The tengu warrior is lightly wounded.
You slash the tengu warrior!
The tengu warrior is lightly wounded.
The tengu warrior hits you with a +3 great sword.
* * * LOW HITPOINT WARNING * * *
You block the tengu warrior's attack.
The tengu warrior claws you but does no damage.
The boulder beetle stops rolling and uncurls.
You slash the tengu warrior! You headbutt the tengu warrior.
The tengu warrior is heavily wounded.
The tengu warrior hits you with a +3 great sword!!
You die...

##########
#.........
#@#......#
##Q#...##.#
#.B#.#.#
#.°#.....
#.°##. ###
#..°#..
#...##.
#....##
#.....###


You could see a boulder beetle and a tengu warrior.

Vanquished Creatures
  Fannar (D:11)
  Harold (D:7)
  A hydra (D:12)
  5 two-headed ogres
  A death yak (D:11)
  Urug (D:12)
  The ghost of riellis the Carver, a novice DgFi (D:9)
  Sonja (D:11)
  3 cyclopes
  An ugly thing (D:12)
  2 slime creatures (D:12)
  An elephant (D:11)
  A gargoyle (D:11)
  Psyche (D:12)
  A freezing wraith (D:11)
  An unseen horror (D:10)
  Maggie (D:8)
  2 trolls
  2 hornets
  Prince Ribbit (D:8)
  A vampire (D:10)
  2 wyverns
  A basilisk (D:11)
  Grum (D:11)
  Edmund (D:6)
  An acid dragon (D:12)
  3 water moccasins
  Duvessa (D:7)
  2 black bears
  A hornet zombie (D:9)
  4 orc warriors
  3 necrophages (D:9)
  2 ogres (D:5)
  7 centaurs
  4 wolves (D:11)
  A phantom (D:6)
  6 kobold brigands
  A bullfrog (D:6)
  Dowan (D:7)
  4 killer bees (D:11)
  4 wights (D:8)
  2 howler monkeys
  2 bullfrog zombies
  7 centaur zombies
  2 hounds
  A gnoll shaman (D:6)
  2 jellies
  A centaur skeleton (D:7)
  A human zombie (D:9)
  3 orc priests
  An iguana (D:6)
  An iron imp (D:11)
  10 orc wizards
  A killer bee zombie (D:9)
  A hound zombie (D:5)
  2 howler monkey zombies
  2 mummies (D:9)
  3 howler monkey skeletons
  5 gnolls (D:6)
  A river rat (Sewer)
  6 adders
  A shadow imp (D:6)
  3 white imps
  An ufetubus (D:7)
  3 worms
  2 dart slugs (D:2)
  39 orcs
  5 ball pythons
  5 bats
  4 endoplasms
  2 giant cockroaches
  5 hobgoblins
  9 jackals
  4 quokkas
  5 frilled lizards
  9 goblins
  23 kobolds
  A quokka skeleton (D:2)
  10 rats
  A spectral kobold (D:5)
266 creatures vanquished.

Vanquished Creatures (others)
  A plant (D:10)
1 creature vanquished.

Grand Total: 267 creatures vanquished

Notes
Turn   | Place    | Note
-------+----------+-------------------------------------------
     0 | D:1      | mhtbhm the Minotaur Fighter began the quest for the Orb.
     0 | D:1      | Reached XP level 1. HP: 19/19 MP: 0/0
   405 | D:1      | Reached XP level 2. HP: 26/27 MP: 1/1
  1079 | D:2      | Reached XP level 3. HP: 33/33 MP: 2/2
  1620 | D:3      | Found an iron altar of Okawaru.
  1642 | D:3      | Became a worshipper of Warmaster Okawaru
  2095 | D:3      | Reached XP level 4. HP: 40/40 MP: 3/3
  2256 | D:4      | Found a bloodstained altar of Trog.
  2510 | D:4      | Noticed a black bear
  2522 | D:4      | Killed a black bear
  2523 | D:4      | Reached skill level 1 in Dodging
  2523 | D:4      | Reached skill level 1 in Invocations
  2523 | D:4      | Reached XP level 5. HP: 20/47 MP: 4/4
  3032 | D:4      | Found a hide-covered altar of Uskayaw.
  3375 | D:5      | Entered Level 5 of the Dungeon
  3375 | D:5      | Noticed a centaur
  3385 | D:5      | Killed a centaur
  3385 | D:5      | Reached * piety under Okawaru
  3386 | D:5      | Reached skill level 5 in Armour
  3386 | D:5      | Reached XP level 6. HP: 22/53 MP: 6/6
  3389 | D:5      | Found an ornate altar of the Wu Jian Council.
  3409 | D:5      | HP: 2/53 [ogre (31)]
  3412 | D:5      | Reached skill level 5 in Long Blades
  3559 | D:5      | Found a shadowy altar of Dithmenos.
  3717 | D:5      | Found a glowing drain.
  3722 | Sewer    | Entered a sewer
  4007 | Sewer    | Reached XP level 7. HP: 52/60 MP: 7/7
  4266 | Sewer    | Found a white marble altar of Elyvilon.
  4348 | D:5      | Found a white marble altar of Elyvilon.
  4370 | D:5      | Found a radiant altar of Vehumet.
  4504 | D:5      | Reached skill level 5 in Shields
  4578 | D:5      | Reached ** piety under Okawaru
  4579 | D:5      | Reached skill level 5 in Fighting
  4883 | D:5      | Found a hazy altar of Hepliaklqana.
  5290 | D:6      | Reached XP level 8. HP: 33/68 MP: 9/9
  5612 | D:6      | Noticed Edmund
  5633 | D:6      | Killed Edmund
  6122 | D:6      | Reached *** piety under Okawaru
  6935 | D:7      | Found a burning altar of Makhleb.
  7362 | D:7      | Reached XP level 9. HP: 75/75 MP: 11/11
  7407 | D:7      | Noticed Duvessa
  7407 | D:7      | Noticed Dowan
  7415 | D:7      | Killed Duvessa
  7430 | D:7      | Killed Dowan
  7832 | D:7      | Noticed Harold
  7850 | D:7      | Killed Harold
  7850 | D:7      | Reached **** piety under Okawaru
  7850 | D:7      | Received a gift from Okawaru
  7851 | D:7      | Reached skill level 5 in Invocations
  8120 | D:7      | Found a staircase to the Ecumenical Temple.
  8240 | D:8      | Paralysed by a hornet for 1 turns
  9401 | D:8      | Noticed Maggie
  9409 | D:8      | Killed Maggie
  9523 | D:8      | Noticed Prince Ribbit
  9529 | D:8      | Killed Prince Ribbit
  9569 | D:8      | Reached XP level 10. HP: 36/83 MP: 13/13
 10562 | D:9      | Noticed a two-headed ogre
 10574 | D:9      | Killed a two-headed ogre
 10872 | D:9      | Noticed a two-headed ogre
 11477 | D:9      | Found a runed translucent door.
 11883 | D:9      | Found a stormy altar of Qazlal.
 12317 | D:9      | Killed a two-headed ogre
 12317 | D:9      | Reached ***** piety under Okawaru
 12317 | D:9      | Received a gift from Okawaru
 12762 | D:9      | Reached skill level 5 in Dodging
 13360 | D:9      | Found an ancient bone altar of Kikubaaqudgha.
 13484 | D:9      | Noticed riellis's ghost (novice DgFi)
 13500 | D:9      | Killed riellis's ghost
 13501 | D:9      | Reached skill level 10 in Long Blades
 13664 | D:10     | Entered Level 10 of the Dungeon
 13970 | D:10     | Found a glowing golden altar of the Shining One.
 13976 | D:10     | Found a basalt altar of Yredelemnul.
 13978 | D:10     | Noticed a profane servitor
 13986 | D:10     | Paralysed by a hornet for 1 turns
 13990 | D:10     | Paralysed by a hornet for 1 turns
 13993 | D:10     | Reached XP level 11. HP: 21/93 MP: 12/15
 14380 | D:10     | Noticed an angel
 14533 | D:10     | Received a gift from Okawaru
 14704 | D:10     | Found a staircase to the Orcish Mines.
 14728 | D:10     | Found Liazowud's Hydra Hut.
 14730 | D:10     | Noticed a seven-headed hydra
 15541 | D:11     | Reached skill level 10 in Armour
 15541 | D:11     | Reached skill level 1 in Evocations
 16077 | D:11     | Found a staircase to the Lair.
 16077 | D:11     | Noticed a death yak
 16109 | D:11     | Killed a death yak
 16610 | D:11     | Reached skill level 10 in Shields
 16610 | D:11     | Reached XP level 12. HP: 104/104 MP: 15/17
 16859 | D:11     | Noticed Grum
 16890 | D:11     | Killed Grum
 16986 | D:11     | Noticed Fannar
 17914 | D:11     | Noticed Sonja
 17918 | D:11     | Killed Sonja
 17933 | D:11     | Found a snail-covered altar of Cheibriados.
 17996 | D:11     | Killed Fannar
 18394 | D:11     | Found Ceomyl's Armour Shoppe.
 18410 | D:11     | Bought a +3 chain mail of fire resistance for 291 gold
                  | pieces
 18554 | D:12     | Noticed Urug
 18579 | D:12     | Killed Urug
 18882 | D:12     | Noticed a two-headed ogre
 18886 | D:12     | Noticed a two-headed ogre
 18888 | D:12     | Killed a two-headed ogre
 18899 | D:12     | Killed a two-headed ogre
 18929 | D:12     | Noticed an eight-headed hydra
 18941 | D:12     | HP: 2/105 [eight-headed hydra (11)]
 19454 | D:12     | Killed a 17-headed hydra
 19814 | D:12     | Noticed Psyche
 19825 | D:12     | Killed Psyche
 20355 | D:12     | Noticed a tengu warrior
 20355 | D:12     | Noticed a two-headed ogre
 20355 | D:12     | Noticed a catoblepas
 20355 | D:12     | Noticed a boulder beetle
 20363 | D:12     | Killed a two-headed ogre
 20437 | D:12     | Mangled by a tengu warrior

Illustrated notes

Levels and vault maps discovered:
D:1:      dpeg_arrival_subterranean_lakeside_camping, layout_basic,
          serial_bayou_crossing
D:2:      layout_basic
D:3:      layout_basic, okawaru_ov_weapons_minmay, minmay_door_square
D:4:      layout_cave_pods, nicolae_overflow_crystal_walls,
          nicolae_uskayaw_murder_on_the_dancefloor
D:5:      layout_basic, grunt_dithmenos_smoke_and_mirrors,
          mainiacjoe_overflow_concentric_impassable,
          mainiacjoe_overflow_catwalk, nicolae_hepliaklqana_monster_ancestors,
          nicolae_vehumet_altar_sigil, gup_sewer_entry_bowl,
          serial_park_tiny_pond
D:6:      layout_basic, serial_park_tiny_2, uniq_edmund
D:7:      layout_loops_ring, bloody_makhleb, temple_hall, uniq_duvessa,
          uniq_harold
D:8:      layout_loops_ring, uniq_prince_ribbit1, uniq_maggie
D:9:      minmay_angry_zag, layout_rooms, nicolae_overflow_hidden_temple,
          lemuel_mausoleum_altar_kikubaaqudgha, ebering_ghost_reflecting_pool
D:10:     layout_roguey, grunt_temple_overflow_holy_war, orc_0_dummy,
          columned_hall_lemuel, doesnt_shop_hydraphobe
D:11:     layout_roguey, david_lair_generic, serial_shops, nicolae_shop_crystal,
          slow_altar_2, uniq_sonja, uniq_grum, uniq_fannar
D:12:     minmay_swirls_squares, layout_loops_cross, uniq_urug, uniq_psyche

Skill      XL: |  1  2  3  4  5  6  7  8  9 10 11 12 |
---------------+-------------------------------------+-----
Fighting       | 4 5 6 7 9 |  9.8
Shields        | 4 5 6 7 9 10 11 | 11.3
Long Blades    | 3 4 5 6 7 8 10 11 | 11.8
Armour         | 4 5 6 7 8 9 11 | 11.9
Dodging        | 1 2 3 4 5 6 7 |  7.1
Invocations    | 1 2 3 4 6 7 8 9 |  9.6
Evocations     | 1 2 |  2.3
Throwing       | |  0.4
Stealth        | |  0.2

Action                   |  1- 3 |  4- 6 |  7- 9 | 10-12 || total
-------------------------+-------+-------+-------+-------++-------
Melee: Long sword        |   103 |   100 |   153 |       ||   356
       Headbutt          |    12 |    20 |    72 |   116 ||   220
       Falchion          |       |       |   173 |   448 ||   621
Throw: Dart              |       |       |       |     3 ||     3
Invok: Heroism           |       |       |     2 |    10 ||    12
Evoke: Wand              |       |       |       |    36 ||    36
       Phantom mirror    |       |       |       |     1 ||     1
  Use: Scroll            |     2 |     1 |     1 |    16 ||    20
       Potion            |       |     3 |     6 |    15 ||    24
 Stab: Distracted        |       |       |     1 |       ||     1
       Paralysed         |       |       |       |     5 ||     5
Armor: Scale mail        |    63 |    51 |   114 |   119 ||   347
       Chain mail        |       |       |       |    66 ||    66
Dodge: Dodged            |    38 |    48 |   102 |   137 ||   325
Block: Kite shield       |    52 |    60 |   190 |   283 ||   585
       Rpst.: Long sword |     7 |    10 |    20 |       ||    37
       Falchion          |       |       |    12 |    21 ||    33
